 Dungeon Crawl Stone Soup version 0.28.0-45-g0d030f2227 (webtiles) character file.

Game seed: 17915659923304723286

1999 DearestLeader the Shield-Bearer (level 9, -3/97 HPs)
             Began as a Gnoll Fighter on Apr 1, 2022.
             Was a Plaything of Xom.
             Slain by a vampire mosquito (5 damage)
             ... on level 6 of the Dungeon.
             The game lasted 00:09:58 (5241 turns).

DearestLeader the Shield-Bearer (Gnoll Fighter)     Turns: 5241, Time: 00:09:59

Health: -3/97      AC:  9    Str: 23    XL:     9   Next: 21%
Magic:  0/15       EV: 12    Int:  5    God:    Xom [.....*]
Gold:   983        SH:  6    Dex: 12    Spells: 16/16 levels left

rFire   + + .      SeeInvis +   k - +4 demon trident (elec)
rCold   x . .      Faith    .   c - +0 buckler
rNeg    + . .      Spirit   +   s - +4 leather armour of the Sturgeon {rF++ rC- Str+3 Stlth+}
rPois   .          Reflect  .   (helmet restricted)
rElec   .          Harm     .   y - +2 cloak
rCorr   .          Rampage  .   (no gloves)
Will    .....                   (no boots)
Stlth   ..........              i - amulet of guardian spirit
HPRegen 0.26/turn               p - ring of positive energy
MPRegen 0.14/turn               n - ring of see invisible

@: berserking, very quick
A: fangs 1, strong nose, distributed training, antennae 1, deformed body,
deterioration 1, dopey 1, frail 1
a: Renounce Religion


You were on level 6 of the Dungeon.
You worshipped Xom.
You were Xom's teddy bear.
You visited 1 branch of the dungeon, and saw 7 of its levels.
You also visited: Sewer.

You collected 983 gold pieces.

Inventory:

Hand Weapons
 k - a +4 demon trident of electrocution (weapon)
 q - a +2 flail of holy wrath
Missiles
 g - 41 sling bullets
Armour
 c - a +0 buckler (worn)
 d - a +0 chain mail of cold resistance
 e - the +8 chain mail of the Devil's Advocate {rElec Will+ Int-5}
   (You found it on level 2 of the Dungeon)

   Int:       It affects your intelligence (-5).
   rElec:     It insulates you from electricity.
   Will:      It increases your willpower.
 s - the +4 leather armour of the Sturgeon (worn) {rF++ rC- Str+3 Stlth+}
   (You found it on level 3 of the Dungeon)

   Str:       It affects your strength (+3).
   rF:        It greatly protects you from fire.
   rC:        It makes you vulnerable to cold.
   Stlth:     It makes you more stealthy.
 u - a +0 cloak
 y - a +2 cloak (worn)
Jewellery
 i - an amulet of guardian spirit (around neck)
 n - a ring of see invisible (right hand)
 p - a ring of positive energy (left hand)
 v - a ring of wizardry
 E - a ring of flight
 J - a ring of protection from cold
Wands
 D - a wand of polymorph (6)
 I - a wand of flame (18)
Scrolls
 b - a scroll of brand weapon
 h - 2 scrolls of torment
 r - 2 scrolls of amnesia
 B - 2 scrolls of blinking
 C - 4 scrolls of teleportation
 G - a scroll of immolation {unknown}
 H - a scroll of identify
Potions
 a - a potion of attraction {unknown}
 f - a potion of invisibility {unknown}
 j - a potion of berserk rage
 l - 2 potions of brilliance {unknown}
 m - 2 potions of heal wounds {unknown}
 o - a potion of degeneration {unknown}
 t - 2 potions of might
 w - 3 potions of ambrosia
 x - 2 potions of lignification {unknown}
 z - a potion of curing
 A - a potion of haste
 F - a potion of mutation {unknown}


   Skills:
 + Level 7.7 Fighting
 + Level 4.0 Short Blades
 + Level 4.0 Long Blades
 + Level 6.1 Axes
 + Level 4.0 Maces & Flails
 + Level 4.0 Polearms
 + Level 4.0 Staves
 + Level 4.0 Slings
 + Level 4.0 Bows
 + Level 4.0 Crossbows
 + Level 4.0 Throwing
 + Level 7.7 Armour
 + Level 4.0 Dodging
 + Level 4.0 Stealth
 + Level 7.7 Shields
 + Level 4.0 Unarmed Combat
 + Level 4.0 Spellcasting
 + Level 3.3 Conjurations
 + Level 3.3 Hexes
 + Level 3.3 Summonings
 + Level 3.3 Necromancy
 + Level 3.3 Translocations
 + Level 3.3 Transmutations
 + Level 3.3 Fire Magic
 + Level 3.3 Ice Magic
 + Level 3.3 Air Magic
 + Level 3.3 Earth Magic
 + Level 3.3 Poison Magic
 + Level 4.4 Invocations
 + Level 4.0 Evocations


You had 16 spell levels left.
You didn't know any spells.
Your spell library contained the following spells:

 Spells                   Type           Power      Damage    Failure   Level
 Freeze                   Ice            16%        1d4       13%         1
 Slow                     Hex            16%        N/A       13%         1
 Call Canine Familiar     Summ           4%         N/A       36%         3
 Confusing Touch          Hex            4%         N/A       36%         3
 Frozen Ramparts          Ice            8%         1d2       36%         3
 Portal Projectile        Hex/Tloc       8%         N/A       36%         3
 Vampiric Draining        Necr           4%         2d6       36%         3
 Hailstorm                Conj/Ice       4%         3d4       78%         4
 Ice Form                 Ice/Tmut       4%         N/A       78%         4
 Leda's Liquefaction      Hex/Erth       2%         N/A       78%         4
 Summon Ice Beast         Ice/Summ       4%         N/A       78%         4
 Irradiate                Conj/Tmut      2%         3d14      98%         5
 Iron Shot                Conj/Erth      2%         9d2       100%        6
 Shatter                  Erth           2%         3d6*      100%        9


Dungeon Overview and Level Annotations

Branches:
Dungeon (7/15)             Temple (0/1) D:6           Sewer (visited)

Altars:
Fedhas
Xom

Shops:
D:7 (


Innate Abilities, Weirdness & Mutations

You have very sharp teeth.
Your uncanny sense of smell can sniff out nearby items.
Your experience applies equally to all skills.
You have a pair of small antennae on your head.
Armour fits poorly on your strangely shaped body.
Your body sometimes deteriorates upon taking damage.
You are dopey. (Int -2)
You are frail. (-10% HP)


Message History

The vampire mosquito bites you.
* * * LOW HITPOINT WARNING * * *
You puncture the vampire mosquito!
The vampire mosquito is almost destroyed.
The vampire mosquito bites you but does no damage.
The vampire mosquito bites you!
* * * LOW HITPOINT WARNING * * *
You impale the vampire mosquito!!
You destroy the vampire mosquito!
You closely miss the vampire mosquito.
The vampire mosquito is moderately damaged.
The vampire mosquito bites you!
* * * LOW HITPOINT WARNING * * *
The vampire mosquito draws strength from your injuries!
The vampire mosquito bites you but does no damage.
You miss the vampire mosquito.
The vampire mosquito is lightly damaged.
The vampire mosquito bites you but does no damage.
You impale the vampire mosquito!!
Lightning courses through the vampire mosquito!
You destroy the vampire mosquito!
You block the vampire mosquito's attack.
Your Short Blades skill increases to level 4!
Your Long Blades skill increases to level 4!
Your Maces & Flails skill increases to level 4!
Your Polearms skill increases to level 4!
Your Staves skill increases to level 4!
Your Slings skill increases to level 4!
Your Bows skill increases to level 4!
Your Crossbows skill increases to level 4!
Your Throwing skill increases to level 4!
Your Dodging skill increases to level 4!
Your Stealth skill increases to level 4!
Your Unarmed Combat skill increases to level 4!
Your Spellcasting skill increases to level 4!
Your Evocations skill increases to level 4!
You puncture the vampire mosquito!
You bite the vampire mosquito, but do no damage.
The vampire mosquito is heavily damaged.
The vampire mosquito bites you.
You die...

#..# #..# #.. ##### #..##
#..# ##. ##...###...#####..#
#.. #.................##
###..
##........######....####....
#..####...## ##...........
##.## ##...# #..####.....
#.## ##.y## #..###...#.. ###
###@## #...#..#.##. ##.##
#..#.....##.
##.###.....###...
#..............#
##.......####...
#....######.... #...##
#...##.. #...####.##....
#....##........


You could see a vampire mosquito.

Vanquished Creatures
  A hog (D:5)
  Eustachio (D:5)
  2 vampire mosquitoes (D:6)
  2 sky beasts
  A necrophage (D:5)
  4 ogres
  Blork the orc (D:4)
  A bullfrog (D:6)
  A scorpion (D:4)
  2 howler monkeys
  A centaur zombie (D:7)
  A hound (D:6)
  3 orc priests
  A bullfrog skeleton (D:6)
  A jelly (D:5)
  A centaur skeleton (D:5)
  Terence (D:2)
  2 iguanas
  An orc wizard (D:5)
  3 gnolls (D:5)
  9 adders
  2 river rats (Sewer)
  An ufetubus (D:7)
  2 worms (D:4)
  18 orcs
  4 ball pythons (Sewer)
  9 endoplasms
  A giant cockroach (D:1)
  5 goblins
  5 hobgoblins
  11 jackals
  3 kobolds
  4 quokkas
  4 bats
  10 frilled lizards
  20 rats
139 creatures vanquished.

Vanquished Creatures (others)
  9 plants (D:5)
9 creatures vanquished.

Grand Total: 148 creatures vanquished

Notes
Turn   | Place    | Note
-------+----------+-------------------------------------------
     0 | D:1      | DearestLeader the Gnoll Fighter began the quest for the
                  | Orb.
     0 | D:1      | Reached XP level 1. HP: 23/23 MP: 1/1
    27 | D:1      | Reached XP level 2. HP: 29/29 MP: 2/2
   643 | D:2      | Found a shimmering altar of Xom.
   647 | D:2      | Reached XP level 3. HP: 35/35 MP: 3/3
   661 | D:2      | Reached skill level 1 in Invocations
   672 | D:2      | Became a worshipper of Xom the Random
   727 | D:2      | XOM: silly message
   888 | D:2      | Reached skill level 1 in Short Blades
   888 | D:2      | Reached skill level 1 in Long Blades
   888 | D:2      | Reached skill level 1 in Maces & Flails
   888 | D:2      | Reached skill level 1 in Polearms
   888 | D:2      | Reached skill level 1 in Staves
   888 | D:2      | Reached skill level 1 in Slings
   888 | D:2      | Reached skill level 1 in Bows
   888 | D:2      | Reached skill level 1 in Crossbows
   888 | D:2      | Reached skill level 1 in Throwing
   888 | D:2      | Reached skill level 1 in Dodging
   888 | D:2      | Reached skill level 1 in Stealth
   888 | D:2      | Reached skill level 1 in Unarmed Combat
   888 | D:2      | Reached skill level 1 in Spellcasting
   888 | D:2      | Reached skill level 1 in Evocations
   959 | D:2      | Noticed Terence
   969 | D:2      | Reached XP level 4. HP: 35/41 MP: 5/5
   969 | D:2      | Killed Terence
  1058 | D:2      | Identified the +8 chain mail of the Devil's Advocate {rElec
                  | Will+ Int-5}
  1129 | D:2      | Got the Incunabulum of Earth and Conjuration
  1169 | D:2      | Reached skill level 1 in Conjurations
  1169 | D:2      | Reached skill level 1 in Hexes
  1169 | D:2      | Reached skill level 1 in Summonings
  1169 | D:2      | Reached skill level 1 in Necromancy
  1169 | D:2      | Reached skill level 1 in Translocations
  1169 | D:2      | Reached skill level 1 in Transmutations
  1169 | D:2      | Reached skill level 1 in Fire Magic
  1169 | D:2      | Reached skill level 1 in Ice Magic
  1169 | D:2      | Reached skill level 1 in Air Magic
  1169 | D:2      | Reached skill level 1 in Earth Magic
  1169 | D:2      | Reached skill level 1 in Poison Magic
  1493 | D:3      | Reached XP level 5. HP: 47/47 MP: 4/7
  1659 | D:3      | XOM: 9-stop teleportation journey
  1701 | D:3      | Identified the +4 leather armour of the Sturgeon {rF++ rC-
                  | Str+3 Stlth+}
  2028 | D:3      | XOM: polymorph kobold -> howler monkey
  2182 | D:4      | Identified a scroll of acquirement
  2182 | D:4      | Acquired a +3 demon trident of electrocution
  2198 | D:4      | Reached XP level 6. HP: 40/53 MP: 8/8
  2432 | D:4      | XOM: 7-stop teleportation journey
  2461 | D:4      | Found a glowing drain.
  2475 | Sewer    | Entered a sewer
  2492 | Sewer    | Reached skill level 5 in Axes
  3074 | D:5      | Entered Level 5 of the Dungeon
  3074 | D:5      | Noticed Blork the orc
  3079 | D:5      | XOM: enchant monster (good)
  3084 | D:4      | Killed Blork the orc
  3110 | D:5      | Noticed Eustachio
  3116 | D:5      | Killed Eustachio
  3117 | D:5      | Reached XP level 7. HP: 60/60 MP: 10/10
  3164 | D:5      | XOM: confuse monster(s)
  3195 | D:5      | XOM: summons 4 hostile demons
  3196 | D:5      | Noticed an orange demon
  3196 | D:5      | Noticed an orange demon
  3325 | D:5      | Noticed a hog
  3325 | D:5      | an ice beast changed into a hog
  3325 | D:5      | XOM: polymorph ice beast -> hog
  3328 | D:5      | XOM: enchant monster (bad)
  3335 | D:5      | Killed a hog
  3336 | D:5      | Reached XP level 8. HP: 62/67 MP: 12/12
  3402 | D:5      | Acquired 736 gold pieces
  3414 | D:5      | XOM: give mutation
  3414 | D:5      | Gained mutation: You have a pair of small antennae on your
                  | head. [Xom's mischief]
  3771 | D:6      | XOM: swap monsters
  3833 | D:6      | Found a staircase to the Ecumenical Temple.
  4280 | D:6      | XOM: swap monsters
  4401 | D:6      | XOM: summons 2 hostile shadow creatures
  4434 | D:6      | XOM: give mutation
  4434 | D:6      | Gained mutation: Your body sometimes deteriorates upon
                  | taking damage. [Xom's mischief]
  4445 | D:6      | Found a blossoming altar of Fedhas.
  4620 | D:6      | XOM: give mutations
  4620 | D:6      | Gained mutation: You are frail. (-10% HP) [Xom's mischief]
  4620 | D:6      | Lost intelligence.
  4620 | D:6      | Gained mutation: You are dopey. (Int -2) [Xom's mischief]
  4620 | D:6      | Gained mutation: Armour fits poorly on your strangely
                  | shaped body. [Xom's mischief]
  4818 | D:6      | XOM: noise
  4890 | D:7      | XOM: enchant monster (bad)
  4942 | D:7      | XOM: silly message
  5000 | D:7      | Reached XP level 9. HP: 63/64 MP: 14/14
  5067 | D:7      | Found Lorghek's Weapon Shop.
  5221 | D:7      | XOM: fog
  5238 | D:6      | HP: 2/97 [vampire mosquito (8)]
  5241 | D:6      | Slain by a vampire mosquito

Illustrated notes

Levels and vault maps discovered:
D:1:      wander_arrival_fairy_ring, layout_basic, minmay_bisected
D:2:      layout_rooms, basic_altar, nicolae_concentric_dashed_squares_mild,
          minmay_rat_gold_closets, uniq_terence
D:3:      minmay_wonky_spiral, layout_basic, chequers_serial_rivers_room_b,
          small_statue_alley_b
D:4:      layout_rooms, cheibrodos_sewer_entry_bend
D:5:      layout_cave_pools, corexii_checkpoint_a, guppyfry_early_lair_pool,
          uniq_eustachio, uniq_blork_the_orc
D:6:      layout_layer_cave, kennysheep_mini_moat, minmay_temple_entry_hall
D:7:      layout_gridville, serial_shops, shop_statue

Skill      XL: |  1  2  3  4  5  6  7  8  9 |
---------------+----------------------------+-----
Invocations    | 1 2 3 4 |  4.4
Short Blades   | 1 2 3 4 |  4.0
Long Blades    | 1 2 3 4 |  4.0
Maces & Flails | 1 2 3 4 |  4.0
Polearms       | 1 2 3 4 |  4.0
Staves         | 1 2 3 4 |  4.0
Slings         | 1 2 3 4 |  4.0
Bows           | 1 2 3 4 |  4.0
Crossbows      | 1 2 3 4 |  4.0
Throwing       | 1 2 3 4 |  4.0
Dodging        | 1 2 3 4 |  4.0
Stealth        | 1 2 3 4 |  4.0
Unarmed Combat | 1 2 3 4 |  4.0
Spellcasting   | 1 2 3 4 |  4.0
Evocations     | 1 2 3 4 |  4.0
Conjurations   | 1 2 3 |  3.3
Hexes          | 1 2 3 |  3.3
Summonings     | 1 2 3 |  3.3
Necromancy     | 1 2 3 |  3.3
Translocations | 1 2 3 |  3.3
Transmutations | 1 2 3 |  3.3
Fire Magic     | 1 2 3 |  3.3
Ice Magic      | 1 2 3 |  3.3
Air Magic      | 1 2 3 |  3.3
Earth Magic    | 1 2 3 |  3.3
Poison Magic   | 1 2 3 |  3.3
Axes           | 5 6 |  6.1
Fighting       | 7 |  7.7
Armour         | 7 |  7.7
Shields        | 7 |  7.7

Action                   |  1- 3 |  4- 6 |  7- 9 || total
-------------------------+-------+-------+-------++-------
Melee: War axe           |    71 |    50 |       ||   121
       Bite              |     3 |    14 |    12 ||    29
       Flail             |       |    45 |       ||    45
       Demon trident     |       |    59 |   131 ||   190
  Use: Potion            |     3 |       |     1 ||     4
       Scroll            |       |     9 |     3 ||    12
 Stab: Sleeping          |       |     1 |     3 ||     4
       Confused          |       |       |     1 ||     1
Armor: Scale mail        |    35 |       |       ||    35
       Chain mail        |       |    66 |    69 ||   135
       Leather armour    |       |       |    12 ||    12
Dodge: Dodged            |    36 |    37 |    77 ||   150
Block: Buckler           |    23 |    32 |    40 ||    95
